 Dungeon Crawl Stone Soup version 0.30-a0-358-g0d69a1922f (webtiles) character file.

Game seed: 10189566935490711200

13169 hikkokomori the Geomancer (level 12, -1/70 HPs)
             Began as a Gargoyle Earth Elementalist on Nov 11, 2022.
             Was a Priest of Vehumet.
             Slain by a five-headed hydra (5 damage)
             ... on level 12 of the Dungeon.
             The game lasted 00:24:58 (12908 turns).

hikkokomori the Geomancer (GrEE)                   Turns: 12908, Time: 00:24:59

Health: -1/70      AC: 24    Str: 20 (23) XL:     12   Next: 3%
Magic:  20/31      EV:  7    Int: 18      God:    Vehumet [***...]
Gold:   137        SH:  5    Dex: 10      Spells: 16/24 levels left

rFire   . . .      SeeInvis .    y - +1 dagger (venom)
rCold   . . .      Faith    .    O - +0 buckler
rNeg    + . .      Spirit   .    k - +1 storm dragon scales
rPois   ∞          Reflect  .    c - +2 helmet of the Bells {Str+2}
rElec   +          Harm     .    M - scarf {repulsion}
rCorr   +          Rampage  .    (no gloves)
Will    .....                    f - +1 pair of boots "Hazoma" {*Slow +Blink rPois rCorr}
Stlth   ..........               x - amulet of the acrobat
HPRegen 0.31/turn                B - ring of magical power
MPRegen 0.22/turn                F - +6 ring of strength

@: slowed, repel missiles, very slow
A: sickness immunity, AC +8, negative energy resistance 1, electricity
resistance, torment resistance 1, petrification resistance
a: Renounce Religion, Evoke Blink


You were on level 12 of the Dungeon.
You worshipped Vehumet.
Vehumet was most pleased with you.
You visited 2 branches of the dungeon, and saw 13 of its levels.
You also visited: Sewer and Gauntlet.

You collected 673 gold pieces.
You spent 536 gold pieces at shops.

Inventory:

Hand Weapons
 d - a +0 vorpal dagger
 y - a +1 dagger of venom (weapon)
 L - a +2 spear of venom
Missiles
 a - 2 throwing nets
Armour
 c - the +2 helmet of the Bells (worn) {Str+2}
   (You found it in a Gauntlet)

   Str:       It affects your strength (+2).
 f - the +1 pair of boots "Hazoma" (worn) {*Slow +Blink rPois rCorr}
   (You found it in a Gauntlet)

   rPois:     It protects you from poison.
   +Blink:    It lets you blink.
   rCorr:     It protects you from acid and corrosion.
   *Slow:     It may slow you when you take damage.
 k - +1 storm dragon scales (worn)
 w - a scarf of harm
 K - a +0 robe of willpower
 M - a scarf of repulsion (worn)
 O - a +0 buckler (worn)
 X - a +1 troll leather armour
Magical Staves
 N - a staff of conjuration
Jewellery
 x - an amulet of the acrobat (around neck)
 B - a ring of magical power (left hand)
 F - a +6 ring of strength (right hand)
 I - a ring of see invisible
 J - a +4 ring of evasion
 Q - a +4 ring of slaying
 T - a +4 ring of evasion
 W - a +4 ring of evasion
Wands
 s - a wand of iceblast (2)
 D - a wand of paralysis (9)
 E - a wand of mindburst (19)
 P - a wand of polymorph (9)
 U - a wand of flame (2)
 V - a wand of light (1)
Scrolls
 h - 3 scrolls of amnesia
 i - 4 scrolls of fear
 j - a scroll of poison
 l - 7 scrolls of identify
 o - a scroll of blinking
 p - a scroll of silence
 q - 7 scrolls of teleportation
 r - a scroll of torment
 v - 2 scrolls of brand weapon
 z - 2 scrolls of enchant weapon
 C - a scroll of summoning
 G - a scroll of immolation
 H - 4 scrolls of butterflies
Potions
 b - 2 potions of magic
 e - 5 potions of curing
 g - 2 potions of brilliance
 m - 4 potions of haste
 n - 8 potions of attraction
 t - a potion of lignification
 u - a potion of mutation {unknown}
 A - 3 potions of degeneration
 R - a potion of resistance
 S - a potion of might {unknown}
 Y - 2 potions of cancellation {unknown}


   Skills:
 - Level 6.0 Fighting
 - Level 1.5 Dodging
 - Level 2.1 Stealth
 - Level 7.9 Shields
 + Level 6.8 Spellcasting
 + Level 9.3 Conjurations
 + Level 6.0 Translocations
 - Level 0.7 Transmutations
 + Level 12.9 Earth Magic


You had 16 spell levels left.
You knew the following spells:

 Your Spells              Type           Power      Damage    Failure   Level
a - Sandblast             Erth           100%       2d20      1%          1
b - Stone Arrow           Conj/Erth      92%        3d12      1%          3
c - Passwall              Tmut/Erth      25%        N/A       16%         2
d - Blink                 Tloc           54%        N/A       22%         2

Your spell library contained the following spells:

 Spells                   Type           Power      Damage    Failure   Level
 Hailstorm                Conj/Ice       23%        3d7       19%         3
 Foxfire                  Conj/Fire      92%        2x1d8     7%          1
 Petrify                  Tmut/Erth      30%        N/A       71%         4
 Manifold Assault         Tloc           27%        N/A       80%         4
 Fireball                 Conj/Fire      11%        3d7       83%         5
 Anguish                  Hex/Necr       3%         N/A       100%        4
 Cause Fear               Hex            3%         N/A       100%        4
 Starburst                Conj/Fire      11%        6d5       100%        6
 Dragon Form              Tmut           4%         N/A       100%        7
 Enfeeble                 Hex            3%         N/A       100%        7
 Storm Form               Tmut/Air       3%         N/A       100%        7
 Dragon's Call            Summ           3%         N/A       100%        9


Dungeon Overview and Level Annotations

Branches:
Dungeon (12/15)            Temple (1/1) D:7            Lair (0/5) D:8
  Sewer (visited)         Gauntlet (visited)
    Orc: D:9-12

Altars:
Ashenzari
Cheibriados
Dithmenos
Elyvilon
Fedhas
Gozag
Hepliaklqana
Kikubaaqudgha
Makhleb
Nemelex Xobeh
Okawaru
Qazlal
Ru
Sif Muna
Trog
Uskayaw
Vehumet
Wu Jian
Xom
Yredelemnul
Zin
The Shining One

Shops:
D:5 ?   D:8 *


Innate Abilities, Weirdness & Mutations

You are immune to sickness and miasma.
Your stone body is resilient. (AC +8)
You are immune to poison.
You resist negative energy. (rN+)
You are resistant to electric shocks. (rElec)
You are resistant to unholy torment.
You are immune to petrification.


Message History

Confirm with . or Enter, or press ? or * to list all spells.
Aiming: Sandblast (safe; 1% risk of failure)
Press: ? - help, Shift-Dir - straight line, f/p - five-headed hydra
Aim: a five-headed hydra (heavily wounded, 95% to hit)
The blast of sand hits the five-headed hydra!!
The five-headed hydra is severely wounded.
The five-headed hydra bites you!
The five-headed hydra barely misses you.
The five-headed hydra bites you but does no damage.
The five-headed hydra closely misses you.
The five-headed hydra completely misses you.
The five-headed hydra bites you. The five-headed hydra bites you!
The five-headed hydra bites you.
* * * LOW HITPOINT WARNING * * *
The five-headed hydra bites you but does no damage.
The five-headed hydra bites you.
* * * LOW HITPOINT WARNING * * *
Unknown command.
Unknown command.
Casting: Sandblast (safe; 1% risk of failure)
Confirm with . or Enter, or press ? or * to list all spells.
Aiming: Sandblast (safe; 1% risk of failure)
Press: ? - help, Shift-Dir - straight line, f/p - five-headed hydra
Aim: a five-headed hydra (severely wounded, 95% to hit)
The blast of sand hits the five-headed hydra!!
The five-headed hydra is almost dead.
The five-headed hydra bites you.
* * * LOW HITPOINT WARNING * * *
The five-headed hydra bites you!
* * * LOW HITPOINT WARNING * * *
The five-headed hydra bites you but does no damage. x2
The five-headed hydra barely misses you.
The five-headed hydra completely misses you.
The five-headed hydra bites you but does no damage. x2
The five-headed hydra completely misses you.
The five-headed hydra bites you.
* * * LOW HITPOINT WARNING * * *
The five-headed hydra bites you but does no damage. x2
The five-headed hydra bites you.
You die...

...............#
..........^....#
........######.#
#######.# .# #.#
. #.# .
#.#+####.#
#........#
#.@).....#
#.D).....#
#..).....#
.........#
######..>.#
....# )..# ....


You could see a five-headed hydra.

Vanquished Creatures
  A tengu warrior (Gauntlet)
  A two-headed ogre (D:10)
  A death drake (Gauntlet)
  A wolf spider zombie (Gauntlet)
  A cyclops (D:12)
  A manticore (D:11)
  A gargoyle (D:10)
  2 centaur zombies (Gauntlet)
  A spectral redback (Gauntlet)
  A kobold demonologist (D:12)
  A tengu conjurer (Gauntlet)
  7 trolls
  2 hornets
  A slime creature (D:10)
  2 shadows
  2 wraiths (D:11)
  8 yaks
  3 acid dragons
  2 swamp worms (Gauntlet)
  Pargi (D:3)
  An ice beast (D:5)
  An orc warrior (D:9)
  A black bear (D:5)
  3 ogres (D:5)
  4 sky beasts
  3 wolves (D:8)
  2 centaurs
  2 gnoll sergeants
  2 kobold brigands
  3 bullfrogs
  2 scorpions
  10 wights
  2 electric eels
  6 howler monkeys
  11 jellies
  5 orc priests
  8 hounds
  3 iron imps (D:4)
  Ijyb (D:3)
  6 iguanas
  4 orc wizards
  Robin (D:2)
  16 gnolls
  5 adders
  A white imp (D:4)
  2 ufetubi
  2 worms (D:4)
  3 dart slugs
  20 orcs
  3 bats
  17 endoplasms
  19 giant cockroaches
  19 goblins
  10 hobgoblins
  7 jackals
  7 quokkas
  11 ball pythons
  9 frilled lizards
  11 kobolds
  3 rats
286 creatures vanquished.

Vanquished Creatures (others)
  8 fungi
  38 plants
46 creatures vanquished.

Grand Total: 332 creatures vanquished

Notes
Turn   | Place    | Note
-------+----------+-------------------------------------------
     0 | D:1      | hikkokomori the Gargoyle Earth Elementalist began the quest
                  | for the Orb.
     0 | D:1      | Reached XP level 1. HP: 10/10 MP: 3/3
   114 | D:1      | Reached skill level 4 in Earth Magic
   114 | D:1      | Reached XP level 2. HP: 16/16 MP: 0/5
   579 | D:1      | Found a faded altar of an unknown god.
   582 | D:1      | Reached skill level 1 in Fighting
   821 | D:2      | Reached XP level 3. HP: 20/20 MP: 1/6
   953 | D:2      | Noticed Robin
   966 | D:2      | Killed Robin
  1342 | D:2      | Reached XP level 4. HP: 25/25 MP: 3/7
  1456 | D:3      | Reached skill level 5 in Earth Magic
  1804 | D:3      | Noticed Pargi
  1811 | D:3      | Learned a level 3 spell: Stone Arrow
  1821 | D:3      | Killed Pargi
  1822 | D:3      | Reached skill level 1 in Conjurations
  1822 | D:3      | Reached XP level 5. HP: 18/31 MP: 0/9
  1992 | D:3      | Noticed Ijyb
  2002 | D:3      | Killed Ijyb
  2343 | D:4      | Found a burning altar of Makhleb.
  2359 | D:4      | Reached XP level 6. HP: 32/36 MP: 2/10
  2370 | D:4      | Reached skill level 6 in Earth Magic
  2735 | D:4      | Noticed a sky beast
  2743 | D:4      | Killed a sky beast
  2744 | D:4      | Reached XP level 7. HP: 32/41 MP: 3/12
  3379 | D:4      | Reached skill level 7 in Earth Magic
  3833 | D:5      | Entered Level 5 of the Dungeon
  3871 | D:5      | Found Fiyveh's Magic Scroll Emporium.
  3879 | D:5      | Bought a scroll of fear for 56 gold pieces
  3879 | D:5      | Bought a scroll of poison for 56 gold pieces
  3879 | D:5      | Bought a scroll of identify for 28 gold pieces
  3900 | D:5      | Found a glowing drain.
  3966 | Sewer    | Entered a sewer
  4295 | Sewer    | Reached XP level 8. HP: 33/48 MP: 7/14
  4768 | D:5      | Reached skill level 8 in Earth Magic
  5456 | D:5      | Reached skill level 5 in Fighting
  5598 | D:5      | Reached skill level 9 in Earth Magic
  5906 | D:6      | Reached skill level 5 in Spellcasting
  5906 | D:6      | Reached XP level 9. HP: 32/54 MP: 13/16
  6133 | D:6      | Found a basalt altar of Yredelemnul.
  6136 | D:6      | Found a glowing golden altar of the Shining One.
  6137 | D:6      | Found a shimmering altar of Xom.
  6245 | D:6      | You fall into a shaft and drop 1 floor!
  6269 | D:7      | Reached skill level 5 in Conjurations
  6936 | D:7      | Reached skill level 10 in Earth Magic
  7064 | D:7      | Found a staircase to the Ecumenical Temple.
  7166 | Temple   | Entered the Ecumenical Temple
  7226 | Temple   | Became a worshipper of Vehumet
  7749 | D:7      | Learned a level 2 spell: Passwall
  7752 | D:7      | Learned a level 2 spell: Blink
  8054 | D:8      | Reached skill level 1 in Shields
  8183 | D:8      | Reached skill level 1 in Translocations
  8333 | D:8      | Found a staircase to the Lair.
  8335 | D:8      | Reached * piety under Vehumet
  8335 | D:8      | Offered knowledge of Foxfire by Vehumet.
  8341 | D:8      | Noticed a troll
  8346 | D:8      | Killed a troll
  8347 | D:8      | Reached XP level 10. HP: 56/60 MP: 16/18
  8436 | D:8      | Found Hiofeum's Assorted Antiques.
  8572 | D:8      | Found an opulent altar of Gozag.
  8704 | D:9      | Reached skill level 5 in Shields
  8704 | D:9      | Reached skill level 11 in Earth Magic
  9398 | D:10     | Entered Level 10 of the Dungeon
  9440 | D:10     | Noticed a gargoyle
  9450 | D:10     | Killed a gargoyle
  9524 | D:10     | Offered knowledge of Freeze by Vehumet.
  9525 | D:10     | Reached ** piety under Vehumet
  9827 | D:10     | Reached XP level 11. HP: 64/64 MP: 19/19
  9944 | D:10     | Found an iron altar of Okawaru.
  9945 | D:10     | Found an ornate altar of the Wu Jian Council.
  9946 | D:10     | Found an ancient bone altar of Kikubaaqudgha.
 10381 | D:10     | Found a hazy altar of Hepliaklqana.
 10406 | D:10     | Noticed a two-headed ogre
 10408 | D:10     | Killed a two-headed ogre
 10744 | D:8      | Bought a shiny troll leather armour for 396 gold pieces
 10852 | D:11     | Reached skill level 12 in Earth Magic
 11136 | D:11     | Noticed a manticore
 11140 | D:11     | Killed a manticore
 11369 | D:11     | Offered knowledge of Hailstorm by Vehumet.
 11723 | D:12     | Found a gate leading to a gauntlet.
 11727 | D:12     | Reached skill level 5 in Translocations
 11740 | Gauntlet | Entered a Gauntlet
 11740 | Gauntlet | Noticed a tengu warrior
 11740 | Gauntlet | Found a transporter.
 11740 | Gauntlet | Found a transporter.
 11741 | Gauntlet | Found a transporter.
 11744 | Gauntlet | Found a transporter.
 11744 | Gauntlet | Found a transporter.
 11744 | Gauntlet | Found a transporter.
 11767 | Gauntlet | Found a transporter.
 11771 | Gauntlet | Found a transporter.
 11774 | Gauntlet | Noticed a sixfirhy
 11774 | Gauntlet | Noticed a fire crab
 11775 | Gauntlet | Found a transporter.
 11776 | Gauntlet | Found a transporter.
 11788 | Gauntlet | Noticed a sixfirhy
 11797 | Gauntlet | Found a transporter.
 11803 | Gauntlet | Found a transporter.
 11804 | Gauntlet | Noticed a death drake
 11912 | Gauntlet | Killed a tengu warrior
 12133 | Gauntlet | Identified the +1 pair of boots "Hazoma" {*Slow +Blink
                  | rPois rCorr}
 12410 | Gauntlet | Killed a death drake
 12597 | Gauntlet | Identified the +2 helmet of the Bells {Str+2}
 12617 | Gauntlet | Noticed a minotaur
 12817 | D:12     | Reached *** piety under Vehumet
 12881 | D:12     | Noticed a cyclops
 12892 | D:12     | Killed a cyclops
 12893 | D:12     | Reached XP level 12. HP: 59/70 MP: 20/22
 12904 | D:12     | Noticed a five-headed hydra
 12908 | D:12     | Slain by a five-headed hydra

Illustrated notes

Levels and vault maps discovered:
D:1:      minmay_arrival_three_doors, layout_rooms,
          shapermc_ecumenical_altar_starsandcircs, st_stairs_4
D:2:      layout_rooms, uniq_robin
D:3:      kennysheep_goblin_castle, layout_rooms, uniq_pargi
D:4:      layout_basic, demons_altar, minmay_joined_circles
D:5:      layout_loops_corners, cheibrodos_sewer_entry_drain, serial_shops,
          nicolae_shop_hallway_stairs
D:6:      layout_basic, minitemple
D:7:      layout_rooms, temple_green, hangedman_abyss_or_decor_stabs
D:8:      layout_rooms, grunt_gozag_statues, erik_lair_island, serial_shops,
          shop_fountains
D:9:      layout_cave_pools, serial_bayou, serial_bayou_pond_e,
          serial_bayou_pond_a, serial_bayou_shore_b, serial_bayou_shore_a
D:10:     lemuel_slime, layout_basic, worldfamousw_hep_ancestral_shrine,
          chequers_temple_overflow_statue_of_worship, nicolae_titane
D:11:     layout_loops_ring
D:12:     layout_irregular_city, orc_0_dummy, gauntlet_entry_generic,
          minmay_hidden_floor
Temple:   dshaligram_water_room_temple

Skill      XL: |  1  2  3  4  5  6  7  8  9 10 11 |
---------------+----------------------------------+-----
Earth Magic    | 4 5 6 7 9 10 11 12 | 12.9
Fighting       | 1 2 3 4 5 6 |  6.0
Conjurations   | 1 2 3 4 6 7 9 |  9.3
Spellcasting   | 3 4 5 6 |  6.8
Shields        | 3 7 |  7.9
Translocations | 2 4 6 |  6.0
Dodging        | |  1.5
Stealth        | |  2.1
Transmutations | |  0.7

Action                   |  1- 3 |  4- 6 |  7- 9 | 10-12 || total
-------------------------+-------+-------+-------+-------++-------
Melee: Dagger            |    20 |    23 |    12 |    24 ||    79
       Punch             |       |     1 |       |       ||     1
 Cast: Sandblast         |    52 |    73 |   233 |   203 ||   561
       Stone Arrow       |       |       |       |    20 ||    20
       Blink             |       |       |       |     1 ||     1
Evoke: Wand              |       |     1 |       |     2 ||     3
  Use: Potion            |     2 |     1 |     3 |    12 ||    18
       Scroll            |       |       |    12 |     6 ||    18
 Stab: Invisible         |       |       |       |     1 ||     1
Armor: Robe              |    21 |    29 |    28 |       ||    78
       Storm dragon scal |       |       |    33 |   161 ||   194
Dodge: Dodged            |    32 |    52 |    81 |   102 ||   267
       Repelled          |       |       |       |     7 ||     7
Block: Buckler           |       |       |       |    31 ||    31

Table legend: (Time is in decaauts)
 A = Elapsed time spent in this place.
 B = Non-inter-level travel time spent in this place.
 C = Inter-level travel time spent in this place.
 D = Time resting spent in this place.
 E = Time spent auto-exploring this place.
 F = Levels seen in this place.
 G = Mean time per level.
                   A        B        C        D        E       F      G
               +--------+--------+--------+--------+--------+-----+--------+
         Total |  13329 |  12614 |    715 |    664 |   9783 |  15 |  888.6 |
       Dungeon |  11468 |  10766 |    702 |     77 |   9137 |  12 |  955.7 |
        Temple |     73 |     60 |     13 |      0 |     45 |   1 |   73.0 |
         Sewer |    884 |    884 |      0 |      0 |    601 |   1 |  884.0 |
      Gauntlet |    902 |    902 |      0 |    587 |      0 |   1 |  902.0 |
               +--------+--------+--------+--------+--------+-----+--------+

Top non-repeatable levels by time:
     D:4: 1636 daAuts
    D:10: 1324 daAuts
     D:6: 1280 daAuts
     D:5: 1090 daAuts
    D:11: 938 daAuts
     D:3: 928 daAuts
     D:7: 910 daAuts
Gauntlet: 902 daAuts
   Sewer: 884 daAuts
     D:9: 832 daAuts
     D:2: 776 daAuts
     D:1: 767 daAuts
     D:8: 698 daAuts
    D:12: 283 daAuts
  Temple: 73 daAuts
